 Dungeon Crawl Stone Soup version 0.30.1 (webtiles) character file.

Game seed: 15424533399776976934

6460 GeoRichter the Cruncher (level 10, -9/57 HPs)
             Began as a Spriggan Berserker on July 12, 2023.
             Was a High Priest of Trog.
             Killed from afar by a molten gargoyle (15 damage)
             ... with a bolt of magma
             ... on level 9 of the Dungeon.
             The game lasted 00:26:08 (13489 turns).

GeoRichter the Cruncher (Spriggan Berserker)       Turns: 13489, Time: 00:26:09

Health: -9/57      AC:  5    Str: 23    XL:     10   Next: 67%
Magic:  11/11      EV: 23    Int: 10    God:    Trog [*****.]
Gold:   436        SH:  0    Dex: 14    Spells: 9/9 levels left

rFire   . . .        E - +1 quarterstaff (flame)
rCold   . . .        (shield currently unavailable)
rNeg    . . .        C - +0 steam dragon scales
rPois   .            (helmet restricted)
rElec   .            (no cloak)
rCorr   .            (gloves unavailable)
SInv    +            (boots unavailable)
Will    +....        c - amulet of faith {!P}
Stlth   +            k - +5 ring of evasion
HPRegen 0.29/turn    B - +6 ring of strength
MPRegen 0.12/turn

%: faith
@: on berserk cooldown, slowed, quick
A: very small, no large weapons, unfitting armour, see invisible, speed 3
a: Renounce Religion, Berserk, Trog's Hand, Brothers in Arms


You were on level 9 of the Dungeon.
You worshipped Trog.
Trog was extremely pleased with you.
You visited 1 branch of the dungeon, and saw 9 of its levels.
You also visited: Ossuary.

You collected 751 gold pieces.
You spent 315 gold pieces at shops.

Inventory:

Hand Weapons
 a - a +0 quarterstaff
   (You found it on level 9 of the Dungeon)
 b - a +2 dagger of venom
   (You took it off a kobold on level 4 of the Dungeon)
 E - a +1 quarterstaff of flaming (weapon)
   (Trog gifted it to you on level 9 of the Dungeon)
Missiles
 f - 2 throwing nets {!f}
 m - 21 poisoned darts (quivered)
 x - 6 curare-tipped darts {!f}
Armour
 C - +0 steam dragon scales (worn)
   (You found it on level 7 of the Dungeon)
Jewellery
 c - an amulet of faith (around neck) {!P}
   (You found it on level 2 of the Dungeon)
 g - a ring of ice
   (You found it on level 2 of the Dungeon)
 k - a +5 ring of evasion (left hand)
   (You found it on level 4 of the Dungeon)
 B - a +6 ring of strength (right hand)
   (You found it on level 7 of the Dungeon)
Wands
 y - a wand of roots (3)
   (You took it off a kobold on level 9 of the Dungeon)
Scrolls
 d - 4 scrolls of immolation {!r}
 e - 3 scrolls of vulnerability {!r}
 h - 7 scrolls of teleportation {@r4}
 j - 6 scrolls of poison {!r}
 l - 3 scrolls of noise {!r}
 q - a scroll of brand weapon {unknown}
 s - 2 scrolls of fog
 u - 2 scrolls of enchant weapon
 v - a scroll of fear {unknown}
 A - a scroll of magic mapping
 F - a scroll of enchant armour
 G - a scroll of blinking
Potions
 i - 3 potions of resistance
 n - a potion of berserk rage {unknown}
 o - 8 potions of curing {@q1}
 p - 6 potions of flight
 r - a potion of lignification {!q}
 t - a potion of magic {unknown}
 w - 3 potions of might
 z - a potion of invisibility {unknown}
 D - 2 potions of heal wounds {unknown}


   Skills:
 + Level 8.6 Fighting
 - Level 3.2 Short Blades
 * Level 10.0 Staves
 - Level 5.0 Dodging


You had 9 spell levels left.
You didn't know any spells.
Your spell library was empty.

Dungeon Overview and Level Annotations

Branches:
Dungeon (9/15) Zot: 26079  Temple (0/1) D:5         Ossuary (visited)
   Lair: D:8-11         Orc: D:9-12

Altars:
Ashenzari
Dithmenos
Elyvilon
Kikubaaqudgha
Nemelex Xobeh
Qazlal
Trog
Yredelemnul
The Shining One

Shops:
D:2 ?   D:8 ?

Annotations:
D:3 3 runed translucent doors, McKennaii's ghost, weakling DgCj


Innate Abilities, Weirdness & Mutations

You are very small and have problems with some larger weapons.
You are too small for most types of armour.
You have supernaturally acute eyesight. (SInv)
You cover ground extremely quickly. (Speed+++)


Message History

The kobold throws a stone.
The stone barely misses you.
A molten gargoyle comes into view. It is wielding a +0 mace.
You start resting.
A molten gargoyle is nearby!
A killer bee comes into view.
The killer bee moves out of view.
Things that are here:
a +0 club; a stone; a kobold skeleton You now have 436 gold pieces (gained 7).
There is a stone staircase leading up here.
You start resting.
A molten gargoyle is nearby!
You climb upwards.
There is a stone staircase leading down here.
You start resting.
HP restored.
You climb downwards.
The molten gargoyle blasts magma at you!
The bolt of magma hits you!!
There is a stone staircase leading up here.
You climb upwards.
There is a stone staircase leading down here.
You start resting.
HP restored.
A red film seems to cover your vision as you go berserk!
You feel yourself moving faster!
You feel mighty!
You feel a strong urge to attack something.
You climb downwards.
There is a stone staircase leading up here.
You feel your anger nearly subside.
The molten gargoyle blasts magma at you!
The bolt of magma hits you!!
You are no longer berserk.
You are exhausted.
You feel yourself slow down.
You hit the molten gargoyle.
The molten gargoyle is lightly damaged.
The molten gargoyle barely misses you.
You thump the molten gargoyle!
The molten gargoyle is heavily damaged.
You completely miss the molten gargoyle.
The molten gargoyle hits you with a +0 mace!!
* * * LOW HITPOINT WARNING * * *
You are engulfed in flames!
* * * LOW HITPOINT WARNING * * *
The molten gargoyle blasts magma at you!
The bolt of magma misses you.
The molten gargoyle blasts magma at you!
The bolt of magma hits you!
You die...

#.†####..#
#..#####.####
#........#
#........#
#........#
#..[.....#
#..####..#
#..#####.#
#..# #..#
#..# #.# #..#
#..# #..# #.#
#..#
#..#####..#
#.# #..#
#..99.....#
#.# #..#
#..@#####.#
.# #.. #...#
#.# #<..# #.#
#...# #.#
#...# #.#
#...# #.#
#...# #.#
#...# #.#
#...#


You could see 2 molten gargoyles.

Vanquished Creatures
  A kobold demonologist (D:6)
  A polar bear (D:8)
  A hornet (D:9)
  A shadow (D:6)
  A wyvern (D:4)
  7 yaks
  Menkaure (D:4)
  2 steam dragons
  2 water moccasins
  2 orc warriors
  3 ice beasts
  A sky beast (D:7)
  3 ogres
  A wolf (D:7)
  2 centaurs
  4 phantoms
  4 kobold brigands
  3 bullfrogs
  6 scorpions
  10 wights
  4 killer bees
  4 howler monkeys
  A wyvern simulacrum (D:8)
  3 hounds (D:5)
  An orc priest (D:8)
  2 gnoll boudas
  2 iguanas (D:5)
  2 sleepcaps
  6 orc wizards
  2 centaur simulacra (D:8)
  8 mummies (Ossuary)
  7 gnolls
  7 adders
  3 white imps
  3 ufetubi
  A worm (D:1)
  A dart slug (D:4)
  29 orcs
  7 ball pythons
  6 endoplasms
  2 giant cockroaches
  3 gnoll zombies (Ossuary)
  6 goblins
  9 hobgoblins
  9 jackals
  22 kobolds
  6 quokkas
  7 bats
  5 frilled lizards
  3 hobgoblin zombies (Ossuary)
  A kobold zombie (Ossuary)
  An orc zombie (Ossuary)
  3 rats
  A spectral orc (D:7)
233 creatures vanquished.

Vanquished Creatures (others)
  2 kobolds (D:9)
2 creatures vanquished.

Grand Total: 235 creatures vanquished

Notes
Turn   | Place    | Note
-------+----------+-------------------------------------------
     0 | D:1      | GeoRichter the Spriggan Berserker began the quest for the
                  | Orb.
     0 | D:1      | Reached XP level 1. HP: 11/11 MP: 2/2
   166 | D:1      | Found a faded altar of an unknown god.
   492 | D:1      | Reached XP level 2. HP: 16/16 MP: 3/3
   654 | D:1      | Reached ** piety under Trog
   885 | D:1      | Reached XP level 3. HP: 18/20 MP: 4/4
  1614 | D:2      | Found Tejaku's Magic Scroll Shop.
  2041 | D:2      | Reached XP level 4. HP: 25/25 MP: 5/5
  2184 | D:3      | Reached skill level 5 in Dodging
  2839 | D:3      | Found a runed translucent gate.
  2839 | D:3      | Found a runed translucent gate.
  2839 | D:3      | Found a runed translucent gate.
  2841 | D:3      | Noticed McKennaii's ghost (weakling DgCj)
  3038 | D:4      | Noticed Menkaure
  3056 | D:4      | Killed Menkaure
  3057 | D:4      | Reached skill level 2 in Staves
  3057 | D:4      | Reached XP level 5. HP: 29/29 MP: 6/6
  3080 | D:4      | Reached *** piety under Trog
  3252 | D:4      | Noticed a wyvern
  3299 | D:4      | Reached XP level 6. HP: 33/33 MP: 7/7
  3613 | D:4      | Reached skill level 3 in Staves
  3741 | D:4      | Found an ancient bone altar of Kikubaaqudgha.
  3844 | D:4      | Reached XP level 7. HP: 38/38 MP: 8/8
  4251 | D:4      | Reached skill level 4 in Staves
  4404 | D:4      | Killed a wyvern
  4405 | D:4      | Reached skill level 5 in Fighting
  4662 | D:5      | Entered Level 5 of the Dungeon
  4836 | D:5      | Found a staircase to the Ecumenical Temple.
  4887 | D:5      | Found a broken altar of Ashenzari.
  4909 | D:5      | Reached skill level 5 in Staves
  4944 | D:5      | Reached XP level 8. HP: 16/44 MP: 9/9
  5104 | D:5      | Found a sand-covered staircase.
  5213 | Ossuary  | Entered an ossuary
  6257 | D:6      | Reached skill level 6 in Staves
  6706 | D:6      | Found a glowing golden altar of the Shining One.
  6797 | D:6      | Reached **** piety under Trog
  7002 | D:6      | Found a shadowy altar of Dithmenos.
  7138 | D:6      | Reached XP level 9. HP: 21/49 MP: 10/10
  7422 | D:6      | Found a sparkling altar of Nemelex Xobeh.
  7519 | D:6      | Reached skill level 7 in Staves
  7535 | D:6      | Found a white marble altar of Elyvilon.
  7897 | D:6      | Found a bloodstained altar of Trog.
  7898 | D:6      | Noticed a kobold demonologist
  7911 | D:6      | Killed a kobold demonologist
  8811 | D:7      | Identified the +1 whip of Pumy {flame, *Corrode Will++
                  | Str+5}
  8946 | D:7      | Reached skill level 8 in Staves
  9225 | D:7      | Found a basalt altar of Yredelemnul.
 10929 | D:8      | Reached ***** piety under Trog
 10970 | D:8      | Noticed a polar bear
 10997 | D:8      | Killed a polar bear
 10998 | D:8      | Reached XP level 10. HP: 56/56 MP: 11/11
 11309 | D:8      | Found Bufialul's Magic Scroll Shoppe.
 11316 | D:8      | Bought a scroll of enchant armour for 105 gold pieces
 11316 | D:8      | Bought a scroll of blinking for 105 gold pieces
 11316 | D:8      | Bought a scroll of enchant weapon for 105 gold pieces
 11511 | D:8      | Reached skill level 9 in Staves
 12402 | D:9      | Found a stormy altar of Qazlal.
 12436 | D:9      | Noticed Prince Ribbit
 12936 | D:9      | Noticed a molten gargoyle
 13160 | D:9      | Received a gift from Trog
 13166 | D:9      | Noticed a molten gargoyle
 13168 | D:9      | Reached skill level 10 in Staves
 13218 | D:9      | Noticed a molten gargoyle
 13489 | D:9      | Killed from afar by a molten gargoyle

Illustrated notes

Levels and vault maps discovered:
D:1:      dpeg_arrival_circle_labyrinth_c, layout_loops_ring,
          hellmonk_ecumenical_altar_leap_of_faith
D:2:      layout_basic, serial_shops, shop
D:3:      layout_loops_ring, gammafunk_ghost_necromancy, st_stairs_8,
          chequers_serial_rivers_small_b
D:4:      minmay_clustersquares, layout_loops_ring, lemuel_tele_altar,
          kennysheep_path_1, hangedman_decor_riveting, kennysheep_flooded_box,
          uniq_menkaure
D:5:      layout_basic, evilmike_ruin_ashenzari, minmay_temple_entry_glass,
          enter_ossuary_3
D:6:      kennysheep_spiral_hall, layout_basic,
          mainiacjoe_overflow_tiny_flanked, kennysheep_mini, lemuel_round_altar,
          hangedman_feature_mirror
D:7:      layout_basic, yredelemnul_forgotten_temple_becter
D:8:      layout_loops_ring, serial_ice, serial_ice_e, serial_ice_b,
          serial_ice_j, serial_ice_o, serial_ice_g, serial_ice_d, serial_shops,
          shop, water_boxes_lemuel
D:9:      minmay_evil_eye, layout_long_grid, grunt_qazlal_sundering,
          worldfamousw_hep_ancestral_shrine, nicolae_ru_the_path_less_chosen,
          minivault_8, uniq_prince_ribbit1

Skill      XL: |  1  2  3  4  5  6  7  8  9 10 |
---------------+-------------------------------+-----
Fighting       | 3 4 5 6 7 8 |  8.6
Dodging        | 5 |  5.0
Staves         | 2 3 5 6 8 10 | 10.0
Short Blades   | |  3.2

Action                     |  1- 3 |  4- 6 |  7- 9 | 10-12 || total
---------------------------+-------+-------+-------+-------++-------
  Melee: Short sword       |   244 |   119 |    73 |       ||   436
         Punch             |     1 |     1 |    15 |     2 ||    19
         Dagger            |       |       |   786 |   184 ||   970
         Quarterstaff      |       |       |       |   127 ||   127
  Throw: Dart              |    10 |    14 |     5 |     2 ||    31
 Invoke: Berserk           |       |     3 |    10 |     6 ||    19
    Use: Scroll            |     2 |     2 |     5 |     6 ||    15
         Potion            |       |       |     2 |       ||     2
   Stab: Sleeping          |     4 |       |     1 |       ||     5
 Armour: Animal skin       |    27 |     6 |    17 |       ||    50
         Steam dragon scal |       |       |    12 |    30 ||    42
  Dodge: Dodged            |   177 |    92 |   588 |   301 ||  1158
